 Dungeon Crawl Stone Soup version 0.25.1-2-g60ff931df9 (webtiles) character file.

Game seed: 16375179117085207081

1351 DearestLeader the Covered (level 8, -3/64 HPs)
             Began as a Demonspawn Gladiator on Oct 11, 2020.
             Shot with an arrow by a centaur (5 damage)
             ... on level 6 of the Dungeon.
             The game lasted 00:12:01 (7123 turns).

DearestLeader the Covered (Demonspawn Gladiator)    Turns: 7123, Time: 00:12:02

Health: -3/64      AC: 13    Str: 18    XL:     8   Next: 36%
Magic:  8/8        EV: 10    Int:  9    God:
Gold:   255        SH:  0    Dex: 14    Spells: 7/7 levels left

rFire    + . .     SeeInvis .   a - +0 trident
rCold    + . .     Gourm    .   (no shield)
rNeg     . . .     Faith    .   o - +0 chain mail
rPois    .         Spirit   .   c - +0 helmet
rElec    .         Reflect  .   r - scarf {rC+ rF+}
rCorr    .         Harm     .   (no gloves)
MR       .....                  (no boots)
Stlth    ..........             (no amulet)
HPRegen  0.20/turn              (no ring)
MPRegen  0.11/turn              (no ring)

@: no status effects
A: hooves 1, slimy green scales 1, nightstalker 2, rot immunity
a: no special abilities


You were on level 6 of the Dungeon.
You were not hungry.

You visited 1 branch of the dungeon, and saw 6 of its levels.
You also visited: Sewer.

You collected 345 gold pieces.
You spent 90 gold pieces at shops.

Inventory:

Hand Weapons
 a - a +0 trident (weapon)
 k - a +0 short sword of protection
 p - a +0 dire flail
Missiles
 d - 3 throwing nets (quivered)
Armour
 b - a +0 leather armour
 c - a +0 helmet (worn)
 o - a +0 chain mail (worn)
 r - a scarf of resistance (worn)
 y - a +0 cloak
Wands
 A - a wand of iceblast (9)
 C - a wand of disintegration (12)
Scrolls
 e - 9 scrolls of teleportation
 i - a scroll of random uselessness
 l - a scroll of fog
 m - 2 scrolls of enchant armour
 n - a scroll of remove curse
 q - 2 scrolls of fear
 s - a scroll of torment {unknown}
 t - a scroll of immolation {unknown}
 D - a scroll of identify
Potions
 g - a potion of heal wounds
 h - a potion of brilliance {unknown}
 j - 4 potions of flight
 u - 2 potions of mutation
 v - a potion of haste {unknown}
 w - 3 potions of stabbing
 x - 2 potions of might {unknown}
 z - 4 potions of curing {unknown}
Comestibles
 f - 17 rations
 B - 3 chunks of flesh


   Skills:
 + Level 5.8 Fighting
 - Level 2.6 Polearms
 - Level 1.7 Throwing
 * Level 5.9 Armour
 + Level 5.7 Dodging


You had 7 spell levels left.
You didn't know any spells.
Your spell library contained the following spells:

 Spells                   Type           Power        Failure   Level  Hunger
 Poisonous Vapours        Pois/Air       #.....       100%        2    ###....
 Conjure Flame            Conj/Fire      #.......     100%        3    ####...
 Mephitic Cloud           Conj/Pois/Air  #.......     100%        3    ####...
 Freezing Cloud           Conj/Ice/Air   #.........   100%        6    #######
 Ring of Flames           Chrm/Fire      #.........   100%        7    #######


Dungeon Overview and Level Annotations

Branches:
Dungeon (6/15)              Sewer (visited)
 Temple: D:4-7

Altars:
Kikubaaqudgha
Yredelemnul
The Shining One

Shops:
D:4 (   D:5 ?

Annotations:
D:4 1 runed translucent door


Innate Abilities, Weirdness & Mutations

You have large cloven feet.
You are partially covered in slimy green scales. (AC +2)
You are significantly more attuned to the shadows.
You are immune to rotting.


Message History

* * * LOW HITPOINT WARNING * * *
You hit the ice beast but do no damage.
The ice beast is almost dead.
The centaur closely misses you. The ice beast hits you.
* * * LOW HITPOINT WARNING * * *
The ice beast freezes you! You resist.
* * * LOW HITPOINT WARNING * * *
The quokka barely misses you.
The centaur hits you but does no damage.
The ice beast hits you but does no damage.
The centaur hits you but does no damage.
The centaur barely misses you.
The centaur hits you but does no damage.
The quokka bites you.
* * * LOW HITPOINT WARNING * * *
The centaur wields a +0 shortbow.
The centaur shoots an arrow.
The arrow hits you but does no damage.
You see here an arrow.
The centaur shoots an arrow.
The arrow hits you.
You die...

...######.........#
##..# #.........#
##.## #>#########
###..####.##
...........#
...........#
.......(...#
........(..# #########
.......$...###..@.....
####......(.Y.r.######
#$?........c.#
#.............#
#.............#
.............#
.....:......#


You could see an ice beast, a centaur and a quokka.

Vanquished Creatures
  Edmund (D:4)
  Duvessa (D:6)
  An orc warrior (D:3)
  A sky beast (D:6)
  A black bear (D:6)
  An ice beast (D:6)
  A centaur (D:4)
  Dowan (D:6)
  2 scorpions
  2 crimson imps
  A jelly (D:6)
  2 orc priests
  An iguana (D:5)
  4 worker ants
  A hound skeleton (D:4)
  4 gnolls (D:6)
  2 river rats (Sewer)
  7 adders
  2 oozes
  An adder skeleton (D:4)
  4 worms
  A dart slug (D:1)
  8 leopard geckos
  8 orcs
  3 ball pythons (Sewer)
  3 giant cockroaches
  4 goblins
  8 hobgoblins
  4 jackals
  A quokka (D:2)
  10 bats
  13 frilled lizards
  A giant cockroach zombie (D:5)
  8 kobolds
  A kobold zombie (D:4)
  11 rats
125 creatures vanquished.

Notes
Turn   | Place    | Note
-------+----------+-------------------------------------------
     0 | D:1      | DearestLeader the Demonspawn Gladiator began the quest for
                  | the Orb.
     0 | D:1      | Reached XP level 1. HP: 16/16 MP: 1/1
     0 | D:1      | Noticed a minotaur zombie
    10 | D:1      | Noticed an octopode
    16 | D:1      | Noticed a human
    18 | D:1      | Noticed a gargoyle
   343 | D:1      | Gained mutation: You are partially covered in slimy green
                  | scales. (AC +2) [demonic ancestry]
   343 | D:1      | Reached XP level 2. HP: 23/23 MP: 2/2
   978 | D:1      | Reached XP level 3. HP: 28/28 MP: 3/3
  1797 | D:3      | Gained mutation: You are slightly more attuned to the
                  | shadows. [demonic ancestry]
  1797 | D:3      | Reached XP level 4. HP: 23/35 MP: 4/4
  1950 | D:3      | Noticed an orc warrior
  1951 | D:3      | Reached skill level 1 in Armour
  1985 | D:4      | Noticed a centaur
  1986 | D:4      | Noticed Edmund
  1992 | D:4      | Killed a centaur
  1992 | D:4      | Gained mutation: You are immune to rotting. [demonic
                  | ancestry]
  1992 | D:4      | Reached XP level 5. HP: 25/42 MP: 5/5
  2000 | D:4      | Killed Edmund
  2000 | D:4      | Gained mutation: You have large cloven feet. [demonic
                  | ancestry]
  2000 | D:4      | Reached XP level 6. HP: 20/48 MP: 6/6
  2548 | D:4      | Noticed a human
  2549 | D:4      | Found a runed translucent door.
  3358 | D:4      | Found Bolaq's Weapon Shoppe.
  3718 | D:4      | Found a basalt altar of Yredelemnul.
  4276 | D:3      | Killed an orc warrior
  4276 | D:3      | Reached XP level 7. HP: 23/55 MP: 7/7
  4674 | D:5      | Entered Level 5 of the Dungeon
  4676 | D:5      | Found Ponenamp's Magic Scroll Emporium.
  4693 | D:5      | Bought a scroll of teleportation for 45 gold pieces
  4693 | D:5      | Bought a scroll of teleportation for 45 gold pieces
  4874 | D:5      | Found a glowing golden altar of the Shining One.
  5005 | D:5      | Reached skill level 5 in Dodging
  5031 | D:5      | Reached skill level 5 in Fighting
  5061 | D:5      | Found a glowing drain.
  5074 | Sewer    | Entered a sewer
  6476 | D:6      | Reached skill level 5 in Armour
  6708 | D:6      | Gained mutation: You are significantly more attuned to the
                  | shadows. [demonic ancestry]
  6708 | D:6      | Reached XP level 8. HP: 45/63 MP: 8/8
  6931 | D:6      | Noticed Dowan
  6931 | D:6      | Noticed Duvessa
  6944 | D:6      | Killed Duvessa
  6959 | D:6      | Killed Dowan
  7054 | D:6      | Found an ancient bone altar of Kikubaaqudgha.
  7117 | D:6      | HP: 3/64 [ice beast (7)]
  7123 | D:6      | Shot with an arrow by a centaur

Illustrated notes

Levels and vault maps discovered:
D:1:      shiori_arrival_whats_in_store_for_you, layout_loops_corners,
          minmay_split_cup_large
D:2:      layout_loops_ring, minmay_pentomino_p4
D:3:      layout_loops_cross, first_ration, minmay_misc_feat_tower
D:4:      layout_cave_pods, serial_shops, shop, chequers_serial_rivers_small_a,
          dk_yredelemnul_ordeal, uniq_edmund
D:5:      layout_cave_pools, kennysheep_mini, serial_shops, shop,
          gup_sewer_entry_bubbles, hex_large
D:6:      layout_basic, overflow_temple_1_default, minmay_temple_entry_grid,
          uniq_duvessa

Skill      XL: |  1  2  3  4  5  6  7 |
---------------+----------------------+-----
Dodging        | 3 4 5 |  5.7
Fighting       | 3 4 5 |  5.8
Armour         | 2 3 5 |  5.9
Polearms       | |  2.6
Throwing       | |  1.7

Action                   |  1- 3 |  4- 6 |  7- 9 || total
-------------------------+-------+-------+-------++-------
Melee: Trident           |   143 |   180 |   144 ||   467
       Kick              |       |    28 |    93 ||   121
       Short sword       |       |       |   157 ||   157
  Use: Scroll            |     8 |       |     5 ||    13
       Potion            |       |     5 |     1 ||     6
 Stab: Sleeping          |     1 |     1 |       ||     2
  Eat: Chunk             |     3 |     5 |     6 ||    14
       Ration            |       |     1 |     1 ||     2
Armor: Leather armour    |    30 |     1 |       ||    31
       Chain mail        |       |    99 |   221 ||   320
Dodge: Dodged            |    79 |    89 |   183 ||   351
